 Dungeon Crawl Stone Soup version 0.27-a0-631-g2d681adce0 (webtiles) character file.

Game seed: 17419684913197550961

1059 tilp the Insei (level 8, -1/54 HPs)
             Began as an Octopode Transmuter on Mar 13, 2021.
             Slain by a centaur (10 damage)
             ... on level 6 of the Dungeon.
             The game lasted 00:09:52 (6824 turns).

tilp the Insei (Octopode Transmuter)                Turns: 6824, Time: 00:09:52

Health: -1/54      AC:  1    Str:  9    XL:     8   Next: 27%
Magic:  12/13      EV: 13    Int: 17    God:
Gold:   306        SH:  0    Dex: 13    Spells: 6/14 levels left

rFire    . . .     SeeInvis .     - Unarmed
rCold    . . .     Faith    .   (no shield)
rNeg     . . .     Spirit   .   (helmet currently unavailable)
rPois    .         Reflect  .   (no amulet)
rElec    .         Harm     .   (no ring)
rCorr    .         Rampage  .   (no ring)
Will     .....                  (no ring)
Stlth    +++.......             (no ring)
HPRegen  0.18/turn              (no ring)
MPRegen  0.13/turn              (no ring)
                                (no ring)
                                (no ring)

@: appendages, wereblooded
A: tentacle spike 3, almost no armour, amphibious, 8 rings, camouflage 1,
gelatinous body 1, nimble swimmer 1, tentacles
a: End Transformation


You were on level 6 of the Dungeon.
One of your tentacles had grown a beastly spike.
You visited 1 branch of the dungeon, and saw 6 of its levels.

You collected 306 gold pieces.

Inventory:

Missiles
 i - 29 poisoned darts (quivered)
 m - 4 boomerangs
Wands
 h - a wand of flame (32)
Scrolls
 c - 2 scrolls of amnesia
 d - 2 scrolls of teleportation
 e - a scroll of enchant armour
 g - a scroll of noise {unknown}
 j - a scroll of blinking {unknown}
 l - a scroll of identify
Potions
 b - 4 potions of curing
 f - a potion of haste


   Skills:
 - Level 4.0 Fighting
 - Level 2.0 Dodging
 - Level 4.0 Stealth
 - Level 6.0 Unarmed Combat
 + Level 3.5 Spellcasting
 * Level 5.0 Transmutations
 - Level 2.0 Poison Magic


You had 6 spell levels left.
You knew the following spells:

 Your Spells              Type           Power      Damage    Failure   Level
a - Beastly Appendage     Tmut           40%        N/A       2%          1
b - Wereblood             Tmut           20%        N/A       3%          2
c - Spider Form           Tmut/Pois      7%         N/A       12%         3
d - Blink                 Tloc           N/A        N/A       26%         2

Your spell library contained the following spells:

 Spells                   Type           Power      Damage    Failure   Level
 Magic Dart               Conj           12%        1d3       17%         1
 Call Imp                 Summ           3%         N/A       26%         2
 Slow                     Hex            3%         N/A       26%         2
 Mephitic Cloud           Conj/Pois/Air  5%         N/A       36%         3
 Conjure Flame            Conj/Fire      3%         6-21      45%         3
 Ice Form                 Ice/Tmut       11%        N/A       52%         4
 Blade Hands              Tmut           10%        N/A       52%         5


Dungeon Overview and Level Annotations

Branches:
Dungeon (6/15)
 Temple: D:4-7

Altars:
Elyvilon
Nemelex Xobeh

Annotations:
D:2 1 runed translucent door, fire vault, Crazy Yiuf, Sigmund


Innate Abilities, Weirdness & Mutations

One of your tentacles has grown a beastly spike.
You cannot wear most types of armour.
You are amphibious.
You can wear up to eight rings at the same time.
Your skin changes colour to match your surroundings (Stealth+).
Your rubbery body absorbs attacks. (AC +1, EV +1)
You are stealthy while swimming. (Stealth+)
You have tentacles for arms and can constrict up to eight enemies at once.


Message History

Casting: Beastly Appendage (safe; 2% risk of failure)
Confirm with . or Enter, or press ? or * to list all spells.
One of your tentacles grows a vicious spike.
Casting: Beastly Appendage (safe; 2% risk of failure)
Confirm with . or Enter, or press ? or * to list all spells.
Your blood is infused with primal strength.
A jackal comes into view.
Found 2 scrolls of amnesia.
The helpless jackal fails to defend itself.
You bludgeon the jackal!
You kill the jackal!
A jackal comes into view.
A centaur comes into view.
The helpless jackal fails to defend itself.
You tentacle-slap the jackal.
You kill the jackal!
You howl as the wereblood boils in your veins!
The centaur shouts!
The jackal barks!
The centaur wields a +0 shortbow.
The centaur shoots an arrow.
The arrow hits you!
The centaur shoots an arrow.
The arrow hits you!
The centaur shoots an arrow.
The arrow hits you!
* * * LOW HITPOINT WARNING * * *
Found a fustibalus.
Found a stone staircase leading down.
The centaur shoots an arrow.
The arrow barely misses you.
The centaur unwields a +0 shortbow.
The centaur closely misses you.
You tentacle-slap the centaur.
The centaur is lightly wounded.
You howl as the wereblood boils in your veins!
The centaur closely misses you. The centaur hits you!
* * * LOW HITPOINT WARNING * * *
You tentacle-slap the centaur.
The centaur is moderately wounded.
You howl as the wereblood boils in your veins!
The jackal barely misses you. The centaur hits you.
* * * LOW HITPOINT WARNING * * *
The jackal barely misses you.
Unknown command.
You feel better. The centaur hits you!
You die...

#...†# #.#.##
#..:# # #..##
#.. ##..##....
#......#
.######
#....###
.......##....#
#..@h....#
...>..c......#
..#######...?#
#....# #....#
#....# #..).#
...## ###


You could see a centaur and a jackal.

Vanquished Creatures
  2 ogres (D:5)
  A phantom (D:6)
  2 bullfrogs
  3 scorpions
  A howler monkey (D:4)
  An orc priest (D:3)
  A jelly (D:5)
  Terence (D:3)
  Jessica (D:2)
  An iguana (D:5)
  Natasha (thrice) (D:2)
  5 worker ants
  4 gnolls (D:3)
  2 adders (D:3)
  An ufetubus (D:5)
  3 oozes
  An adder skeleton (D:5)
  4 worms
  2 dart slugs
  5 leopard geckos
  10 orcs
  4 giant cockroaches
  7 goblins
  6 hobgoblins
  5 jackals
  6 kobolds
  3 quokkas
  A ball python zombie (D:2)
  2 frilled lizards
  A leopard gecko skeleton (D:6)
  A quokka zombie (D:5)
  5 rats
95 creatures vanquished.

Vanquished Creatures (others)
  An adder (D:2)
  A quokka (D:2)
2 creatures vanquished.

Grand Total: 97 creatures vanquished

Notes
Turn   | Place    | Note
-------+----------+-------------------------------------------
     0 | D:1      | tilp the Octopode Transmuter began the quest for the Orb.
     0 | D:1      | Reached XP level 1. HP: 13/13 MP: 3/3
    47 | D:1      | Reached skill level 1 in Stealth
   174 | D:1      | Reached XP level 2. HP: 11/18 MP: 5/5
   180 | D:1      | Learned a level 2 spell: Wereblood
   794 | D:2      | Found a white marble altar of Elyvilon.
   794 | D:2      | Noticed Sigmund
   843 | D:2      | Reached XP level 3. HP: 23/23 MP: 6/6
   929 | D:2      | Noticed Jessica
   945 | D:2      | Killed Jessica
   946 | D:2      | Reached XP level 4. HP: 19/29 MP: 4/7
   949 | D:2      | Found a faded altar of an unknown god.
  1403 | D:2      | Found a runed translucent door.
  1404 | D:2      | Noticed Crazy Yiuf
  2022 | D:2      | Noticed Natasha
  2027 | D:2      | Killed Natasha
  2197 | D:2      | Noticed Natasha
  2204 | D:2      | Killed Natasha
  2205 | D:2      | Reached XP level 5. HP: 26/35 MP: 6/8
  2251 | D:2      | Noticed Natasha
  2256 | D:2      | Killed Natasha
  2257 | D:2      | Reached skill level 4 in Unarmed Combat
  3169 | D:3      | Reached XP level 6. HP: 29/42 MP: 6/9
  3751 | D:3      | Noticed Terence
  3760 | D:3      | Killed Terence
  3783 | D:3      | Learned a level 3 spell: Spider Form
  3972 | D:4      | Reached skill level 5 in Unarmed Combat
  4066 | D:4      | Reached XP level 7. HP: 39/48 MP: 8/10
  4216 | D:4      | Reached skill level 6 in Unarmed Combat
  4551 | D:5      | Entered Level 5 of the Dungeon
  4695 | D:5      | Learned a level 2 spell: Blink
  4834 | D:5      | Reached skill level 1 in Poison Magic
  6136 | D:5      | Reached XP level 8. HP: 54/54 MP: 10/12
  6154 | D:5      | Found a sparkling altar of Nemelex Xobeh.
  6741 | D:6      | Reached skill level 5 in Transmutations
  6824 | D:6      | Slain by a centaur

Illustrated notes

Levels and vault maps discovered:
D:1:      psy_arrival_fountain, layout_rooms
D:2:      layout_loops_ring, elyvilon_altar_4, chequers_ecumenical_altar_simple,
          lemuel_flame_loot_1, uniq_natasha, uniq_jessica, uniq_sigmund,
          uniq_crazy_yiuf_cottage
D:3:      layout_loops_corners, uniq_terence
D:4:      layout_rooms
D:5:      layout_basic, nemelex_dance_club_becter
D:6:      layout_rooms, minmay_temple_entry_statues_pillars,
          trog_three_pillars_becter

Skill      XL: |  1  2  3  4  5  6  7  8 |
---------------+-------------------------+-----
Stealth        | 2 3 4 |  4.0
Fighting       | 2 3 4 |  4.0
Unarmed Combat | 4 5 6 |  6.0
Poison Magic   | 2 |  2.0
Transmutations | 4 5 |  5.0
Spellcasting   | 3 |  3.5
Dodging        | |  2.0

Action                   |  1- 3 |  4- 6 |  7- 9 || total
-------------------------+-------+-------+-------++-------
Melee: Unarmed           |    50 |   126 |    83 ||   259
       Constrict         |    14 |    37 |    15 ||    66
       Tentacles         |     6 |    21 |    14 ||    41
       Kick              |     7 |    30 |    17 ||    54
       Punch             |       |     4 |     5 ||     9
Throw: Dart              |       |     9 |    31 ||    40
       Boomerang         |       |       |     1 ||     1
 Cast: Beastly Appendage |     7 |    18 |    17 ||    42
       Wereblood         |     3 |     6 |     4 ||    13
  Use: Scroll            |       |     7 |     2 ||     9
       Potion            |       |       |     4 ||     4
 Stab: Sleeping          |     5 |     6 |     6 ||    17
Armor: Skin              |     3 |     5 |     3 ||    11
Dodge: Dodged            |    22 |    40 |    50 ||   112

Table legend: (Time is in decaauts)
 A = Elapsed time spent in this place.
 B = Non-inter-level travel time spent in this place.
 C = Inter-level travel time spent in this place.
 D = Time resting spent in this place.
 E = Time spent auto-exploring this place.
 F = Levels seen in this place.
 G = Mean time per level.
                   A        B        C        D        E       F      G
               +--------+--------+--------+--------+--------+-----+--------+
         Total |   6810 |   6442 |    368 |   1490 |   4057 |   6 | 1135.0 |
       Dungeon |   6810 |   6442 |    368 |   1490 |   4057 |   6 | 1135.0 |
               +--------+--------+--------+--------+--------+-----+--------+

Top non-repeatable levels by time:
     D:5: 1916 daAuts
     D:2: 1658 daAuts
     D:3: 1305 daAuts
     D:1: 832 daAuts
     D:4: 750 daAuts
     D:6: 347 daAuts
